 Dungeon Crawl Stone Soup version 0.27.1-34-g3ba077fa99 (webtiles) character file.

Game seed: 15000886781689426345

9879 ticklebelly the Fighter (level 11, -5/153 HPs)
             Began as a Minotaur Berserker on Jan 8, 2022.
             Was a High Priest of Trog.
             Slain by a nine-headed hydra (13 damage)
             ... on level 1 of the Lair of Beasts.
             The game lasted 00:23:49 (12414 turns).

ticklebelly the Fighter (Minotaur Berserker)       Turns: 12414, Time: 00:23:50

Health: -5/153     AC: 16    Str: 24    XL:     11   Next: 28%
Magic:  10/10      EV:  8    Int:  4    God:    Trog [*****.]
Gold:   471        SH:  0    Dex: 11    Spells: 10/10 levels left

rFire    . . .     SeeInvis .   G - +4 morningstar
rCold    . . .     Faith    .   (no shield)
rNeg     . . .     Spirit   .   e - +0 plate armour
rPois    +         Reflect  .   (helmet restricted)
rElec    .         Harm     .   (no cloak)
rCorr    .         Rampage  .   x - +0 pair of gloves
Will     +....                  (no boots)
Stlth    ..........             (no amulet)
HPRegen  0.35/turn              v - ring of willpower
MPRegen  0.12/turn              z - ring of poison resistance

@: berserking, very quick
A: horns 2, retaliatory headbutt
a: Renounce Religion, Berserk, Trog's Hand, Brothers in Arms


You were on level 1 of the Lair of Beasts.
You worshipped Trog.
Trog was extremely pleased with you.
You visited 2 branches of the dungeon, and saw 11 of its levels.
You also visited: Sewer.

You collected 520 gold pieces.
You spent 49 gold pieces at shops.

Inventory:

Hand Weapons
 G - a +4 morningstar (weapon)
 I - a +0 war axe of flaming
 J - the +7 battleaxe "Fusmil" {vorpal, rElec}
   (Trog gifted it to you on level 10 of the Dungeon)

   It inflicts extra damage upon your enemies.
   rElec:     It insulates you from electricity.
 K - the +8 spear "Fuvype Ingu" {vamp, Contam rF+++ rN+ rCorr}
   (You took it off a centaur on level 10 of the Dungeon)

   It occasionally heals its wielder for a portion of the damage dealt when it
   wounds a living foe.
   rF:        It renders you almost immune to fire.
   rN:        It protects you from negative energy.
   Contam:    It causes magical contamination when unequipped.
   rCorr:     It protects you from acid and corrosion.
Missiles
 u - 11 silver boomerangs (quivered)
 w - 4 boomerangs
Armour
 e - a +0 plate armour (worn)
 j - a +0 kite shield
 x - a +0 pair of gloves (worn)
Jewellery
 a - a ring of resist corrosion
 p - a ring of fire
 v - a ring of willpower (left hand)
 z - a ring of poison resistance (right hand)
Wands
 F - a wand of flame (30)
Scrolls
 b - a scroll of amnesia {unknown}
 g - 6 scrolls of enchant weapon {unknown}
 i - 2 scrolls of identify
 k - 3 scrolls of fear
 l - 3 scrolls of magic mapping
 m - 3 scrolls of fog {unknown}
 n - 6 scrolls of teleportation {unknown}
 s - a scroll of holy word {unknown}
 t - a scroll of blinking {unknown}
 y - a scroll of vulnerability {unknown}
 A - 6 scrolls of immolation {unknown}
 C - a scroll of summoning {unknown}
 D - a scroll of acquirement {unknown}
 E - 2 scrolls of enchant armour {unknown}
 H - a scroll of silence {unknown}
Potions
 c - 2 potions of invisibility
 d - 2 potions of flight {unknown}
 f - 4 potions of might
 h - a potion of magic {unknown}
 o - 5 potions of curing {unknown}
 q - a potion of resistance {unknown}
 r - a potion of brilliance {unknown}
 B - a potion of haste


   Skills:
 + Level 11.3 Fighting
 + Level 11.3 Axes
 + Level 11.1 Armour
 - Level 2.1 Dodging
 - Level 9.9 Shields


You had 10 spell levels left.
You didn't know any spells.
Your spell library was empty.

Dungeon Overview and Level Annotations

Branches:
Dungeon (10/15)              Lair (1/6) D:10            Orc (0/2) D:9
  Sewer (visited)
 Temple: D:4-7

Altars:
Ashenzari
Gozag
Hepliaklqana
Wu Jian
Zin
Beogh

Shops:
D:4 ?


Innate Abilities, Weirdness & Mutations

You have a pair of horns on your head.
You reflexively headbutt those who attack you in melee.


Message History

You slice one of the eight-headed hydra's heads off!
The seven-headed hydra grows two more!
You slice the nine-headed hydra!!
You headbutt the nine-headed hydra, but do no damage.
The nine-headed hydra is moderately wounded.
The nine-headed hydra bites you. The nine-headed hydra bites you!
The nine-headed hydra bites you but does no damage.
The nine-headed hydra closely misses you.
The nine-headed hydra bites you! x2
The nine-headed hydra closely misses you.
The nine-headed hydra bites you.
The nine-headed hydra closely misses you.
You completely miss the nine-headed hydra.
The nine-headed hydra is moderately wounded.
The nine-headed hydra bites you!
The nine-headed hydra bites you but does no damage.
The nine-headed hydra bites you. The nine-headed hydra misses you.
The nine-headed hydra bites you! The nine-headed hydra bites you.
The nine-headed hydra bites you but does no damage.
The nine-headed hydra bites you.
The nine-headed hydra closely misses you.
The nine-headed hydra bites you!
* * * LOW HITPOINT WARNING * * *
The nine-headed hydra closely misses you.
The nine-headed hydra bites you.
* * * LOW HITPOINT WARNING * * *
The nine-headed hydra bites you but does no damage.
The nine-headed hydra bites you!
* * * LOW HITPOINT WARNING * * *
The nine-headed hydra bites you.
* * * LOW HITPOINT WARNING * * *
The nine-headed hydra bites you but does no damage. x2
The nine-headed hydra bites you.
* * * LOW HITPOINT WARNING * * *
G - a +4 morningstar (weapon)
A red film seems to cover your vision as you go berserk!
You feel yourself moving faster!
You feel mighty!
The nine-headed hydra bites you but does no damage.
The nine-headed hydra closely misses you.
The nine-headed hydra bites you!
You die...

#..############.#
##.# #.## #.##
##..# ###.P#
#..## .)..##
##..# ##### #.##
# ###P###.# ##
........# .#
#####.#@# ##
#.#D.# # . ..## #
##.#.. # #.... #
# #..# # #.## #.#


You could see a nine-headed hydra.

Vanquished Creatures
  A centaur warrior (D:8)
  2 two-headed ogres
  The ghost of boopmooplesden the Covered, a novice MiFi (D:4)
  A cane toad (Lair:1)
  4 trolls
  A shadow (D:10)
  8 yaks (D:9)
  A wyvern (D:10)
  3 wargs (D:10)
  A water moccasin (D:5)
  2 sky beasts
  3 orc warriors (D:9)
  A black bear (D:4)
  2 necrophages
  A hornet zombie (D:4)
  2 centaurs
  3 kobold brigands
  5 bullfrogs
  2 scorpions
  A water moccasin zombie (D:3)
  A wyvern skeleton (D:4)
  7 killer bees (D:9)
  6 wights
  5 howler monkeys
  2 jellies (D:5)
  4 centaur zombies
  8 orc priests
  A centaur skeleton (D:7)
  Jessica (D:2)
  A gnoll shaman (D:8)
  An iguana (D:4)
  Natasha (thrice) (D:3)
  8 orc wizards
  A killer bee zombie (D:9)
  A howler monkey skeleton (D:7)
  10 adders
  7 gnolls
  7 river rats (Sewer)
  A shadow imp (D:8)
  2 white imps
  5 worms
  5 dart slugs
  27 orcs
  8 endoplasms
  14 giant cockroaches
  3 goblins
  6 hobgoblins
  9 quokkas
  11 ball pythons
  7 bats
  3 frilled lizards
  8 kobolds
  26 rats
254 creatures vanquished.

Vanquished Creatures (collateral kills)
  A meliai (D:8)
  A troll (D:8)
  An orc (D:8)
3 creatures vanquished.

Vanquished Creatures (others)
  A plant (D:10)
1 creature vanquished.

Grand Total: 258 creatures vanquished

Notes
Turn   | Place    | Note
-------+----------+-------------------------------------------
     0 | D:1      | ticklebelly the Minotaur Berserker began the quest for the
                  | Orb.
     0 | D:1      | Reached XP level 1. HP: 19/19 MP: 0/0
   143 | D:1      | Found a faded altar of an unknown god.
   162 | D:1      | You fall into a shaft and drop 1 floor!
   186 | D:2      | Noticed a scorpion
   192 | D:2      | Killed a scorpion
   193 | D:2      | Reached XP level 2. HP: 10/28 MP: 1/1
   193 | D:2      | Reached XP level 3. HP: 13/34 MP: 2/2
   510 | D:2      | Reached XP level 4. HP: 37/41 MP: 3/3
   611 | D:2      | Reached ** piety under Trog
  1249 | D:2      | Noticed Jessica
  1259 | D:2      | Killed Jessica
  1260 | D:2      | Reached skill level 5 in Fighting
  1374 | D:2      | Reached XP level 5. HP: 48/48 MP: 4/4
  1815 | D:3      | Noticed Natasha
  1822 | D:3      | Killed Natasha
  1823 | D:3      | Reached skill level 5 in Axes
  1871 | D:3      | Found a glowing drain.
  1889 | Sewer    | Entered a sewer
  2181 | Sewer    | Reached *** piety under Trog
  2188 | Sewer    | Reached skill level 1 in Shields
  2486 | Sewer    | Reached XP level 6. HP: 18/56 MP: 5/5
  3012 | Sewer    | Reached skill level 5 in Armour
  3639 | D:3      | Reached XP level 7. HP: 30/63 MP: 6/6
  3822 | D:3      | Noticed Natasha
  3833 | D:3      | Killed Natasha
  3875 | D:3      | Noticed Natasha
  3901 | D:3      | Killed Natasha
  4103 | D:3      | Reached **** piety under Trog
  4850 | D:4      | Found a runed translucent door.
  4851 | D:4      | Noticed boopmooplesden's ghost (novice MiFi)
  4863 | D:4      | Killed boopmooplesden's ghost
  4864 | D:4      | Reached XP level 8. HP: 53/73 MP: 7/7
  4874 | D:4      | Found a runed translucent door.
  5345 | D:4      | Found a glowing silver altar of Zin.
  5399 | D:4      | Reached skill level 5 in Shields
  5589 | D:4      | Found Enla Gixt's Magic Scroll Boutique.
  5601 | D:4      | Bought a scroll of magic mapping for 49 gold pieces
  5682 | D:5      | Entered Level 5 of the Dungeon
  6227 | D:6      | You fall into a shaft and drop 1 floor!
  6683 | D:7      | Reached XP level 9. HP: 81/81 MP: 8/8
  7246 | D:8      | Noticed a centaur warrior
  7287 | D:8      | Noticed a meliai
  7288 | D:8      | Noticed a troll
  7297 | D:8      | Killed a meliai
  7300 | D:8      | Killed a troll
  7550 | D:8      | Killed a centaur warrior
  8220 | D:8      | Noticed a two-headed ogre
  8230 | D:8      | Killed a two-headed ogre
  8231 | D:8      | Reached XP level 10. HP: 91/91 MP: 9/9
  8691 | D:9      | Found a broken altar of Ashenzari.
  8695 | D:9      | Saw a vision of the Shoals and the Snake Pit.
  8695 | D:9      | Noticed an anaconda
  8695 | D:9      | Noticed a naga warrior
  8695 | D:9      | Noticed a naga warrior
  8695 | D:9      | Noticed an anaconda
  8695 | D:9      | Noticed a black mamba
  8695 | D:9      | Noticed a naga sharpshooter
  8695 | D:9      | Noticed a merfolk siren
  8695 | D:9      | Noticed a sea snake
  8695 | D:9      | Noticed a shock serpent
  8696 | D:9      | Noticed a salamander
  8696 | D:9      | Noticed a naga warrior
  8696 | D:9      | Noticed a mana viper
  8698 | D:9      | Noticed a merfolk siren
  8723 | D:9      | Found a staircase to the Orcish Mines.
  9477 | D:9      | Reached skill level 10 in Fighting
  9483 | D:9      | Reached skill level 10 in Axes
  9644 | D:9      | Identified the +1 robe "Bilarrayta" {rN+ Stlth+}
  9683 | D:9      | Reached skill level 10 in Armour
 10103 | D:9      | Found an opulent altar of Gozag.
 10177 | D:9      | Reached ***** piety under Trog
 10508 | D:10     | Entered Level 10 of the Dungeon
 10685 | D:10     | Reached XP level 11. HP: 98/101 MP: 10/10
 10866 | D:10     | Noticed a two-headed ogre
 10875 | D:10     | Killed a two-headed ogre
 10875 | D:10     | Identified the +7 battleaxe "Fusmil" {vorpal, rElec} (Trog
                  | gifted it to you on level 10 of the Dungeon)
 10875 | D:10     | Received a gift from Trog
 11281 | D:10     | Identified the +8 spear "Fuvype Ingu" {vamp, Contam rF+++
                  | rN+ rCorr}
 11371 | D:10     | Found a hazy altar of Hepliaklqana.
 11569 | D:10     | Found a staircase to the Lair.
 11854 | D:10     | Found an ornate altar of the Wu Jian Council.
 12202 | Lair:1   | Entered Level 1 of the Lair of Beasts
 12407 | Lair:1   | Noticed an eight-headed hydra
 12412 | Lair:1   | HP: 5/102 [nine-headed hydra (4)]
 12414 | Lair:1   | Slain by a nine-headed hydra

Illustrated notes

Levels and vault maps discovered:
D:1:      pf_arrival_petrified_forest, layout_loops_ring,
          hellmonk_ecumenical_altar_inner_sanctum
D:2:      minmay_diamond_boxcup, layout_loops_ring, uniq_jessica
D:3:      layout_basic, gup_sewer_entry_pipe, uniq_natasha
D:4:      layout_basic, zin_academy, ebering_ghost_sewer_f, serial_shops, shop
D:5:      layout_loops_ring
D:6:      layout_loops_ring, old_standard_altar,
          gammafunk_temple_overflow_elements, minmay_temple_entry_overgrown
D:7:      layout_rooms
D:8:      layout_layer_cave, minmay_diamond_spiral
D:9:      layout_loops_corners, nicolae_gozag_seed_capital,
          grunt_ashenzari_visionary [grunt_ashenzari_visionary_shoals,
          grunt_ashenzari_visionary_snake], david_orc_2, minmay_puff
D:10:     layout_layer_cave, mainiacjoe_overflow_alcove_4,
          mainiacjoe_overflow_cross_hatched, erik_lair_orcish_takeover,
          david_defended_altar_orc
Lair:1:   layout_loops_ring, uniq_erica

Skill      XL: |  1  2  3  4  5  6  7  8  9 10 11 |
---------------+----------------------------------+-----
Fighting       | 4 5 6 7 8 9 10 11 | 11.3
Axes           | 4 5 6 8 9 10 11 | 11.3
Armour         | 3 4 5 6 7 9 10 11 | 11.1
Shields        | 1 2 4 6 8 9 |  9.9
Dodging        | |  2.1

Action                   |  1- 3 |  4- 6 |  7- 9 | 10-12 || total
-------------------------+-------+-------+-------+-------++-------
Melee: Hand axe          |    20 |    16 |       |       ||    36
       Headbutt          |     5 |    20 |    45 |    52 ||   122
       War axe           |       |   140 |   235 |   252 ||   627
       Unarmed           |       |       |    21 |       ||    21
       Battleaxe         |       |       |       |    20 ||    20
Invok: Trog's Hand       |       |     2 |     2 |       ||     4
       Berserk           |       |     3 |     3 |     2 ||     8
       Brothers in Arms  |       |       |     1 |       ||     1
  Use: Potion            |       |     5 |       |       ||     5
       Scroll            |       |       |     3 |       ||     3
Armor: Animal skin       |     2 |    44 |     3 |       ||    49
       Skin              |       |       |     7 |       ||     7
       Chain mail        |       |       |    85 |    31 ||   116
       Plate armour      |       |       |       |   114 ||   114
Dodge: Dodged            |     8 |   101 |    85 |    77 ||   271
Block: Kite shield       |       |    62 |   141 |   147 ||   350
